 Dungeon Crawl Stone Soup version 0.21-a0-528-gf531e82 (webtiles) character file.

49676 Amnesiac the Archer (level 14, -3/110 HPs)
             Began as a Mummy Hunter on Dec 8, 2017.
             Was the Champion of Okawaru.
             Slain by a spark wasp (4 damage)
             ... on level 1 of the Depths on Dec 9, 2017.
             The game lasted 00:45:22 (25277 turns).

Amnesiac the Archer (Mummy Hunter)                 Turns: 25277, Time: 00:45:22

Health: -3/110     AC: 23    Str: 19    XL:     14   Next: 16%
Magic:  27/28      EV: 12    Int: 16    God:    Okawaru [******]
Gold:   1131       SH:  7    Dex: 13    Spells: 11/13 levels left

rFire    . . .     SeeInvis .   b - +11 quick blade (freeze)
rCold    + . .     Gourm    .   h - +0 shield
rNeg     + + +     Faith    +   f - +2 storm dragon scales {god gift}
rPois    ∞         Spirit   .   F - +3 hat of Pondering {ponderous, MR+ MP+10 Int+5}
rElec    +         Reflect  .   p - +0 cloak
rCorr    .         Harm     .   K - +0 pair of gloves
MR       ++...                  n - +0 pair of boots
Stlth    ..........             S - amulet of faith
HPRegen  0.28/turn              w - ring of protection from fire
MPRegen  0.21/turn              r - +3 ring of evasion

@: about to teleport, finesse, very slightly contaminated, slow
A: no food or potions, fire vulnerability, cold resistance 1, negative energy
resistance 3, torment resistance, unbreathing, in touch with death 1
a: Heroism, Finesse, Renounce Religion


You were on level 1 of the Depths.
You worshipped Okawaru.
Okawaru was exalted by your worship.
You were not hungry.

You visited 3 branches of the dungeon, and saw 17 of its levels.

You collected 1131 gold pieces.

Inventory:

Hand Weapons
 a - a +0 longbow of flaming {god gift}
 b - a +11 quick blade of freezing (weapon)
 G - a +0 blowgun
 P - a +3 fustibalus of freezing
 Z - the +7 falchion of Brawl {venom, rPois rF+ Str+4 Stlth-}
   (You found it on level 13 of the Dungeon)

   It poisons the flesh of those it strikes.
   It affects your strength (+4).
   It protects you from fire.
   It protects you from poison.
   It makes you less stealthy.
Missiles
 d - 543 arrows
 l - 90 poisoned needles
 D - a throwing net (quivered)
 W - 10 curare-tipped needles
Armour
 f - +2 storm dragon scales (worn) {god gift}
 h - a +0 shield (worn)
 n - a +0 pair of boots (worn)
 p - a +0 cloak (worn)
 F - the +3 hat of Pondering (worn) {ponderous, MR+ MP+10 Int+5}
   (You took it off Gastronok on level 10 of the Dungeon)

   It affects your intelligence (+5).
   It affects your resistance to hostile enchantments.
   It affects your magic capacity (+10).
 K - a +0 pair of gloves (worn)
Jewellery
 g - an uncursed amulet of guardian spirit
 q - an uncursed ring of teleportation
 r - a +3 ring of evasion (right hand)
 t - an uncursed ring of protection from cold
 w - a ring of protection from fire (left hand)
 J - an uncursed ring of protection from fire
 S - an amulet of faith (around neck)
Wands
 c - a wand of enslavement (15)
 k - a wand of random effects (22)
 v - a wand of iceblast (16)
 y - a wand of paralysis (10)
 L - a wand of disintegration (18)
 N - a wand of polymorph (7)
 V - a wand of flame (21)
Scrolls
 e - 2 scrolls of noise {!r}
 m - 4 scrolls of magic mapping {!r}
 o - 4 scrolls of immolation {!r}
 s - 8 scrolls of remove curse {!r}
 z - 2 scrolls of enchant armour {!r}
 B - 2 scrolls of amnesia {!r}
 E - 2 scrolls of enchant weapon {!r}
 M - 3 scrolls of teleportation {!r}
 Q - a scroll of fog {!r}
 U - a scroll of identify {!r}
 Y - a scroll of silence {!r}
Books
 A - a book of Minor Magic

   Spells                             Type                      Level
   a - Magic Dart                     Conjuration                  1
   b - Blink                          Translocation                2
   c - Call Imp                       Summoning                    2
   d - Slow                           Hexes                        2
   e - Conjure Flame                  Conjuration/Fire             3
   f - Mephitic Cloud                 Conjuration/Poison/Air       3
 C - a book of Callings

   Spells                             Type                      Level
   a - Summon Small Mammal            Summoning                    1
   b - Call Imp                       Summoning                    2
   c - Call Canine Familiar           Summoning                    3
   d - Summon Guardian Golem          Hexes/Summoning              3
   e - Summon Lightning Spire         Summoning/Air                4
   f - Summon Ice Beast               Ice/Summoning                4
Miscellaneous
 j - a lamp of fire


   Skills:
 + Level 10.2 Fighting
 - Level 7.9 Short Blades
 * Level 12.1 Bows
 + Level 8.7 Armour
 + Level 8.7 Dodging
 - Level 0.7 Stealth
 - Level 6.1 Invocations


You had 11 spell levels left.
You knew the following spells:

 Your Spells              Type           Power        Failure   Level  Hunger
v - Blink                 Tloc           N/A          100%        2    N/A

Dungeon Overview and Level Annotations

Branches:
Dungeon (15/15)            Temple (1/1) D:4            Lair (0/6) D:11
    Orc (0/2) D:11         Depths (1/5) D:15
 Vaults: D:13-14

Altars:
Ashenzari
Cheibriados
Dithmenos
Elyvilon
Fedhas
Gozag
Hepliaklqana
Kikubaaqudgha
Makhleb
Nemelex Xobeh
Okawaru
Qazlal
Ru
Sif Muna
Trog
Uskayaw
Vehumet
Wu Jian
Xom
Yredelemnul
Zin
The Shining One

Shops:
D:2 *   D:5 (   D:6 [   D:12 [   D:14 *


Innate Abilities, Weirdness & Mutations

You do not eat or drink.
Your flesh is vulnerable to fire.
You are immune to poison.
Your flesh is cold resistant. (rC+)
You are immune to negative energy. (rN+++)
You are immune to unholy pain and torment.
You can survive without breathing.
You are in touch with the powers of death.


Message History

The spark wasp completely misses you.
The spark wasp stings you but does no damage. x2
The spark wasp stings you.
* * * LOW HITPOINT WARNING * * *
The spark wasp shocks you. You resist.
* * * LOW HITPOINT WARNING * * *
The spark wasp stings you but does no damage.
You block the spark wasp's attack.
You hit the spark wasp. You freeze the spark wasp.
The spark wasp is heavily wounded.
You hit the spark wasp. You freeze the spark wasp.
The spark wasp is severely wounded.
The spark wasp stings you but does no damage. x2
You hit the spark wasp but do no damage.
The spark wasp is severely wounded.
You hit the spark wasp. You freeze the spark wasp.
The spark wasp is severely wounded.
The spark wasp barely misses you.
You hit the spark wasp. You freeze the spark wasp.
The spark wasp is severely wounded.
You puncture the spark wasp! You freeze the spark wasp.
The spark wasp is almost dead.
The spark wasp stings you!
* * * LOW HITPOINT WARNING * * *
The spark wasp shocks you. You resist.
* * * LOW HITPOINT WARNING * * *
The spark wasp misses you.
You hit the spark wasp. You freeze the spark wasp.
You kill the spark wasp!
Okawaru accepts your kill. You block the spark wasp's attack.
You block the spark wasp's attack. The spark wasp misses you.
The spark wasp stings you!
* * * LOW HITPOINT WARNING * * *
The spark wasp shocks you. You resist.
* * * LOW HITPOINT WARNING * * *
Really read
i - a scroll of blinking {!r}?
Blink to where?
Press: ? - help, Dir - move target cursor You are very lightly contaminated with residual magic.
As you read the scroll of blinking {!r}, it crumbles to dust.
An ettin comes into view.
It is wielding two dire flails of crushing.
The ettin shouts in stereo!
Found a bread ration.
You found a Zot trap!
Okay, then.
Okay, then.
You block the spark wasp's attack. You block the ettin's attack.
The ettin hits you with a dire flail of crushing.
* * * LOW HITPOINT WARNING * * *
x2 You feel like a meek peon again.
You hear a loud "Zot"!
Really read
M - 4 scrolls of teleportation {!r}?
As you read the scroll of teleportation {!r}, it crumbles to dust.
You feel strangely unstable. The spark wasp barely misses you.
You block the spark wasp's attack.
You found a shaft!
The spark wasp bursts into living lightning!
The living lightning misses the spark wasp.
The living lightning hits the spark wasp.
The spark wasp completely resists.
The living lightning hits you! You resist.
* * * LOW HITPOINT WARNING * * *
The spark wasp blinks!
The spark wasp stings you.
You die...

#### ######.y.
#.....y##
######...y..#
######C...#......#
#y@yy.§..^.#####...
#.####.....# ...
#.. #..###### ...
#.. #.. .. .#.#...
.. .^.#.... ..
#.#... #..


You could see an ettin and 3 spark wasps.

Vanquished Creatures
  Gastronok (D:10)
  2 spark wasps (Depths:1)
  2 vault guards (D:14)
  An anaconda (shapeshifter) (D:15)
  9 two-headed ogres
  2 centaur warriors
  Urug (D:13)
  A tengu warrior (D:15)
  Sonja (D:12)
  2 unseen horrors
  5 skeletal warriors
  2 wizards
  Pikel (D:7)
  An orc knight (D:15)
  A necromancer (D:15)
  A harpy (shapeshifter) (Depths:1)
  8 ugly things
  4 deep elf magi
  2 manticores
  2 orc sorcerers (D:15)
  4 cyclopes
  2 oklob plants (D:11)
  Maurice (D:10)
  2 efreet (D:15)
  2 kobold demonologists (D:12)
  A redback zombie (D:15)
  A yaktaur (D:14)
  3 trolls
  A hornet (D:12)
  5 slime creatures (D:12)
  Prince Ribbit (D:8)
  9 hippogriffs
  A shadow (D:12)
  2 wraiths
  3 wyverns
  3 yaks (D:13)
  15 humans (D:14)
  2 basilisks
  Grum (D:8)
  2 hungry ghosts
  A steam dragon (D:14)
  5 vampire mosquitoes (D:14)
  Menkaure (D:4)
  A warg (D:15)
  An acid dragon (D:11)
  A soldier ant (D:8)
  9 orc warriors
  A phantom (D:6)
  6 sky beasts
  2 eyes of draining
  4 slaves (D:7)
  7 ice beasts
  A necrophage (D:11)
  An ogre (shapeshifter) (D:15)
  7 ogres
  4 wolves
  5 centaurs
  14 bullfrogs
  A wyvern zombie (D:14)
  A wyvern skeleton (D:8)
  4 scorpions
  8 killer bees
  16 wights
  4 howler monkeys
  3 crimson imps
  6 centaur zombies
  2 quasits
  A bullfrog zombie (D:13)
  4 centaur skeletons
  4 jellies
  10 orc wizards
  A bullfrog skeleton (D:10)
  8 orc priests
  6 hounds
  Ijyb (D:3)
  7 iguanas
  7 worker ants
  A killer bee zombie (D:7)
  A hound skeleton (D:11)
  Robin (D:4)
  4 gnolls
  17 adders
  8 shadow imps
  An ooze (D:2)
  An adder zombie (D:9)
  A worm (D:2)
  2 dart slugs (D:3)
  3 leopard geckos
  49 orcs
  6 bats
  6 giant cockroaches
  6 hobgoblins
  10 jackals
  2 quokkas
  2 ball pythons (D:4)
  A ball python skeleton (D:5)
  7 frilled lizards
  12 goblins
  15 kobolds
  10 rats
  2 plants (D:11)
443 creatures vanquished.

Vanquished Creatures (others)
  An adder skeleton (D:7)
1 creature vanquished.

Grand Total: 444 creatures vanquished

Notes
Turn   | Place    | Note
-------+----------+-------------------------------------------
     0 | D:1      | Amnesiac the Mummy Hunter began the quest for the Orb.
     0 | D:1      | Reached XP level 1. HP: 16/16 MP: 1/1
    60 | D:1      | Reached skill level 1 in Armour
    60 | D:1      | Reached XP level 2. HP: 22/22 MP: 2/2
   538 | D:1      | Reached XP level 3. HP: 20/27 MP: 3/3
  1316 | D:2      | Found Gozag's Platinum Reserve.
  1353 | D:2      | Found an opulent altar of Gozag.
  1430 | D:2      | Reached XP level 4. HP: 26/34 MP: 4/4
  1943 | D:3      | Noticed Ijyb
  1964 | D:3      | Killed Ijyb
  2092 | D:3      | Found a deep blue altar of Sif Muna.
  2344 | D:3      | Reached XP level 5. HP: 39/39 MP: 5/5
  2427 | D:3      | Reached skill level 4 in Bows
  3040 | D:4      | Noticed Robin
  3086 | D:4      | Killed Robin
  3121 | D:4      | Found a staircase to the Ecumenical Temple.
  3130 | Temple   | Entered the Ecumenical Temple
  3161 | D:4      | Noticed Menkaure
  3169 | D:4      | Killed Menkaure
  3169 | D:4      | Reached XP level 6. HP: 47/47 MP: 6/6
  3837 | D:4      | Reached XP level 7. HP: 40/52 MP: 7/7
  3965 | D:5      | Entered Level 5 of the Dungeon
  3994 | D:5      | You fall through a shaft for 3 floors!
  4036 | D:8      | Reached skill level 5 in Bows
  4118 | D:8      | HP: 1/53 [ogre/giant club (17)]
  4842 | D:7      | Noticed Pikel
  4859 | D:7      | Killed Pikel
  4859 | D:7      | Reached skill level 6 in Bows
  4859 | D:7      | Reached XP level 8. HP: 46/61 MP: 8/8
  5042 | D:6      | Reached skill level 5 in Fighting
  5181 | D:6      | Found a sacrificial altar of Ru.
  5187 | D:6      | Found a basalt altar of Yredelemnul.
  5189 | D:6      | Found a sparkling altar of Nemelex Xobeh.
  5192 | D:6      | Found a hazy altar of Hepliaklqana.
  5275 | D:6      | Found Jegown Yfiar's Armour Shoppe.
  5277 | D:6      | Found an iron altar of Okawaru.
  5285 | D:6      | Became a worshipper of Warmaster Okawaru
  5543 | D:5      | Found Rusk's Weapon Emporium.
  5900 | D:5      | Noticed a two-headed ogre
  5944 | D:5      | Killed a two-headed ogre
  5944 | D:5      | Reached * piety under Okawaru
  5944 | D:5      | Reached skill level 7 in Bows
  5944 | D:5      | Reached XP level 9. HP: 20/69 MP: 9/9
  6468 | D:5      | Found a bloodstained altar of Trog.
  6984 | D:6      | Reached ** piety under Okawaru
  7317 | D:6      | Reached skill level 1 in Invocations
  7634 | D:6      | Reached skill level 5 in Armour
  7634 | D:6      | Reached skill level 5 in Dodging
  9284 | D:8      | Reached skill level 8 in Bows
  9391 | D:8      | Noticed a two-headed ogre
  9391 | D:8      | Noticed a cyclops
  9869 | D:8      | Noticed a two-headed ogre
  9873 | D:8      | Reached XP level 10. HP: 75/77 MP: 11/11
  9880 | D:8      | Killed a two-headed ogre
  9880 | D:8      | Reached *** piety under Okawaru
 10090 | D:8      | Noticed Prince Ribbit
 10114 | D:8      | Killed Prince Ribbit
 10131 | D:8      | HP: 3/77 [something (6)]
 10133 | D:8      | Killed an unseen horror
 10161 | D:8      | HP: 1/77 [orc wizard/puff of flame (8)]
 10697 | D:8      | Killed a two-headed ogre
 10697 | D:8      | Reached **** piety under Okawaru
 11076 | D:8      | Reached skill level 9 in Bows
 11197 | D:8      | Killed a cyclops
 11236 | D:8      | Noticed a white ugly thing
 11309 | D:8      | Killed a white ugly thing
 11309 | D:8      | Received a gift from Okawaru
 11818 | D:9      | Noticed Grum
 12058 | D:8      | Killed Grum
 12070 | D:8      | Reached ***** piety under Okawaru
 12070 | D:8      | Reached XP level 11. HP: 24/84 MP: 14/14
 13066 | D:8      | Got a fine wooden ring
 13578 | D:8      | Identified the ring "Govel" {rC+ MR+ Slay-2 Stlth-} (You took it off an orc on level 8 of the Dungeon)
 14390 | D:10     | Entered Level 10 of the Dungeon
 14501 | D:10     | Noticed Maurice
 14517 | D:10     | Killed Maurice
 14792 | D:10     | Identified a scroll of acquirement {!r}
 15201 | D:11     | Found a staircase to the Lair.
 15203 | D:11     | Noticed an oklob plant
 15204 | D:11     | Noticed an oklob plant
 15299 | D:11     | Noticed Gastronok
 15319 | D:11     | Received a gift from Okawaru
 15319 | D:11     | Reached skill level 1 in Short Blades
 16283 | D:10     | Killed Gastronok
 16410 | D:11     | Found a blossoming altar of Fedhas.
 16678 | D:11     | Found an iron altar of Okawaru.
 16725 | D:11     | Found a staircase to the Orcish Mines.
 16937 | D:11     | Killed an oklob plant
 16937 | D:11     | Received a gift from Okawaru
 17207 | D:11     | Killed an oklob plant
 17207 | D:11     | Reached skill level 5 in Short Blades
 17255 | D:12     | Noticed a two-headed ogre
 17368 | D:12     | Received a gift from Okawaru
 17893 | D:12     | Noticed a purple ugly thing
 17905 | D:12     | Killed a purple ugly thing
 17924 | D:12     | Found Ulirr's Antique Armour Boutique.
 17998 | D:12     | Reached XP level 12. HP: 17/92 MP: 15/15
 18270 | D:12     | Learned a level 2 spell: Blink
 18325 | D:12     | Killed a two-headed ogre
 18465 | D:12     | Noticed Sonja
 18475 | D:12     | Killed Sonja
 18475 | D:12     | Received a gift from Okawaru
 18766 | D:12     | Received a gift from Okawaru
 19187 | D:13     | Received a gift from Okawaru
 19217 | D:13     | Noticed a two-headed ogre
 19232 | D:13     | Killed a two-headed ogre
 19441 | D:13     | Reached skill level 10 in Bows
 19589 | D:13     | Noticed Urug
 19606 | D:13     | Reached skill level 5 in Invocations
 19975 | D:13     | Noticed a centaur warrior
 19990 | D:13     | Killed a centaur warrior
 19997 | D:13     | Got a bloodstained robe
 20008 | D:13     | Identified the cursed +1 robe of Paranoia {MR+ Dex+3} (You found it on level 13 of the Dungeon)
 20192 | D:13     | Got a transparent falchion
 20272 | D:13     | Killed Urug
 20459 | D:13     | Received a gift from Okawaru
 20465 | D:13     | Identified the +7 falchion of Brawl {venom, rPois rF+ Str+4 Stlth-} (You found it on level 13 of the Dungeon)
 20615 | D:13     | Got an ichor-stained ring mail
 20767 | D:13     | Noticed a two-headed ogre
 20775 | D:13     | Killed a two-headed ogre
 20879 | D:13     | Reached ****** piety under Okawaru
 21206 | D:13     | Received a gift from Okawaru
 21223 | D:13     | Received a gift from Okawaru
 21223 | D:13     | Gained mutation: You are in touch with the powers of death. [Mummy growth]
 21223 | D:13     | Reached XP level 13. HP: 73/100 MP: 17/17
 21558 | D:13     | Identified the +1 ring mail of Restlessness {+Inv} (You found it on level 13 of the Dungeon)
 21699 | D:14     | Received a gift from Okawaru
 21720 | D:14     | Received a gift from Okawaru
 21794 | D:14     | Received a gift from Okawaru
 21811 | D:14     | Reached skill level 11 in Bows
 22902 | D:14     | Found Xymegint's General Store.
 23443 | D:15     | Entered Level 15 of the Dungeon
 23635 | D:15     | Received a gift from Okawaru
 24717 | D:15     | Noticed a spark wasp
 24717 | D:15     | a wolf spider changed into a spark wasp
 24718 | D:15     | a spark wasp changed into an anaconda
 24766 | D:15     | Reached skill level 10 in Fighting
 24840 | D:15     | Received a gift from Okawaru
 24861 | D:15     | Reached XP level 14. HP: 99/110 MP: 18/18
 24890 | D:15     | Received a gift from Okawaru
 24890 | D:15     | Reached skill level 12 in Bows
 24927 | D:15     | Found a staircase to the Depths.
 25021 | D:15     | Received a gift from Okawaru
 25032 | D:15     | Found a sparkling altar of Nemelex Xobeh.
 25199 | Depths:1 | Entered Level 1 of the Depths
 25273 | Depths:1 | HP: 5/110 [ettin/dire flail of crushing (1)]
 25277 | Depths:1 | HP: 1/110 [spark wasp/living lightning (6)]
 25277 | Depths:1 | Slain by a spark wasp

Vault maps used:
D:1:      roderic_dead_forest, minmay_misc_feat_ornament, fountainhead
D:2:      nicolae_gozag_zags_fifth_avenue, first_bread
D:3:      lemuel_doored_altar, uniq_ijyb
D:4:      minmay_temple_entry_statues_pillars, uniq_menkaure, uniq_robin
D:5:      overflow_temple_1_default, serial_shops, nicolae_shop_stone,
          minmay_misc_feat_doors
D:6:      okawaru_metal_pillars_1_2, minitemple, serial_shops,
          nicolae_shop_stone
D:7:      grunt_ogre_cave, uniq_pikel
D:8:      minmay_the_grid_octo_2x2, uniq_prince_ribbit1
D:9:      uniq_grum
D:10:     uniq_maurice
D:11:     dpeg_oklobed_lair, orc_0_dummy, basic_altar,
          fedhas_bush_and_centaur_altar, uniq_gastronok
D:12:     serial_shops, nicolae_shop_trees, uniq_sonja
D:13:     uniq_urug
D:14:     grunt_vaults_entry_tiered, minmay_tree_intersection, serial_shops,
          shop, nooodl_food_tri
D:15:     grunt_enter_depths_magical_seal, basic_altar, minivault_5
Temple:   eino_temple_lava
Depths:1: nicolae_twisting_strands, pf_hell_entry_great_geh,
          hangedman_decor_clover_reticule, patterned_corridor

Skill      XL: |  1  2  3  4  5  6  7  8  9 10 11 12 13 14 |
---------------+-------------------------------------------+-----
Armour         | 1 2 3 4 5 6 7 8 |  8.7
Dodging        | 2 3 4 5 6 7 8 |  8.7
Bows           | 4 6 7 8 9 10 11 12 | 12.1
Fighting       | 3 4 5 6 7 8 10 | 10.2
Invocations    | 2 4 5 6 |  6.1
Short Blades   | 7 |  7.9
Stealth        | |  0.7

Action                   |  1- 3 |  4- 6 |  7- 9 | 10-12 | 13-15 || total
-------------------------+-------+-------+-------+-------+-------++-------
Melee: Short sword       |       |    96 |   431 |   424 |       ||   951
       Quick blade       |       |       |       |   573 |   700 ||  1273
       Punch             |       |       |       |     1 |       ||     1
       Falchion          |       |       |       |     6 |       ||     6
 Fire: Shortbow          |    89 |    69 |    27 |       |       ||   185
       Hunting sling     |       |    50 |       |       |       ||    50
       Fustibalus        |       |       |       |    60 |       ||    60
Throw: Stone             |       |     5 |       |       |       ||     5
Invok: Heroism           |       |       |       |     7 |     1 ||     8
       Finesse           |       |       |       |       |     1 ||     1
Evoke: Wand              |       |       |     3 |    31 |     3 ||    37
  Use: Scroll            |       |     6 |     8 |    10 |     6 ||    30
 Stab: Paralysed         |       |       |       |    19 |       ||    19
Armor: Leather armour    |    12 |     2 |       |       |       ||    14
       Ring mail         |       |    50 |       |       |       ||    50
       Plate armour      |       |     1 |   339 |   538 |    79 ||   957
       Storm dragon scal |       |       |       |       |   106 ||   106
Dodge: Dodged            |    38 |   101 |   167 |   359 |   103 ||   768
Block: Shield            |       |       |       |       |    82 ||    82

Table legend:
 A = Spawn XP
 B = Non-spawn XP
 C = Spawn XP percentage of total XP
 D = Spawn monster count
 E = Non-spawn monster count
 F = Spawn count percentage of total count
 G = Total turns spent on level
                    A         B        C        D         E        F      G
               +---------+---------+-------+---------+---------+-------+---------
         Total |       0 |   70967 |   0.0 |       0 |     437 |   0.0 | 25277
               +---------+---------+-------+---------+---------+-------+---------
           D:1 |       0 |      62 |   0.0 |       0 |      31 |   0.0 |  1217
           D:2 |       0 |      82 |   0.0 |       0 |      17 |   0.0 |   716
           D:3 |       0 |      79 |   0.0 |       0 |      17 |   0.0 |  1054
           D:4 |       0 |     532 |   0.0 |       0 |      31 |   0.0 |   951
           D:5 |       0 |    1099 |   0.0 |       0 |      12 |   0.0 |  1504
           D:6 |       0 |    1227 |   0.0 |       0 |      26 |   0.0 |  1712
           D:7 |       0 |    1581 |   0.0 |       0 |      14 |   0.0 |  2516
           D:8 |       0 |    6340 |   0.0 |       0 |      45 |   0.0 |  3838
           D:9 |       0 |    1172 |   0.0 |       0 |      20 |   0.0 |   950
          D:10 |       0 |    3801 |   0.0 |       0 |      12 |   0.0 |  1425
          D:11 |       0 |    2340 |   0.0 |       0 |      22 |   0.0 |  1534
          D:12 |       0 |    8576 |   0.0 |       0 |      52 |   0.0 |  2094
          D:13 |       0 |   12798 |   0.0 |       0 |      39 |   0.0 |  3096
          D:14 |       0 |   10956 |   0.0 |       0 |      47 |   0.0 |   807
          D:15 |       0 |   17311 |   0.0 |       0 |      49 |   0.0 |  1756
      Depths:1 |       0 |    3011 |   0.0 |       0 |       3 |   0.0 |    78
               +---------+---------+-------+---------+---------+-------+---------
